AoeStats
← [NICE_ASS] BigMasi

Golden Pit

509113626Analyzed
1v1 RM · 7d ago on Sep 25, 2026· 52m 34s· 2 players
Game mode
Random Map
Map size
Tiny (2 player)
Population
200
Speed
Normal
Resources
Standard
Victory
Conquest
Starting age
Dark Age
Ending age
Imperial Age
RankedLock teamsTeams togetherTeam positionsShared explorationLock speedFull tech treeHidden civsTurbo modeCheats
Victory
Defeat
🇨🇭 Varangians · Switzerland
1351
+16
🇬🇧 Varangians · United Kingdom
1345
-16
D&I | Amsicora
7:09 Loom
9:48 Feudal Age
10:03 Man-at-Arms
13:43 Town Watch
13:57 Arson
14:55 Double-Bit Axe
16:53 Fletching
21:45 Castle Age
21:17 Scale Barding Armor
21:04 Horse Collar
21:49 Gold Mining
23:30 Bow Saw
25:35 Bloodlines
28:02 Heavy Plow
31:15 Husbandry
32:07 Chain Barding Armor
33:30 Forging
34:09 Devotion
36:42 Wheelbarrow
36:51 Wheelbarrow
36:25 Scale Mail Armor
36:43 Squires
41:34 Imperial Age
38:35 Pikeman
40:04 Chain Mail Armor
43:35 Plate Mail Armor
43:12 Cavalier
43:16 Halberdier
44:38 Light Cavalry
46:34 Plate Barding Armor
45:56 Bodkin Arrow
46:39 Plate Barding Armor
47:14 Chemistry
46:48 Bracer
47:20 Ballistics
50:00 Conscription
49:19 Capped Ram
52:06 Iron Casting
52:08 Masonry
51:39 Treadmill Crane
52:42 Hand Cart
[NICE_ASS] BigMasi
9:05 Loom
11:14 Feudal Age
14:29 Double-Bit Axe
21:19 Horse Collar
25:21 Castle Age
25:19 Bloodlines
26:18 Wheelbarrow
25:53 Scale Barding Armor
25:58 Forging
26:39 Bow Saw
27:27 Husbandry
28:05 Light Cavalry
30:46 Devotion
37:17 Herbal Medicine
38:24 Chain Barding Armor
43:51 Imperial Age
43:18 Iron Casting
44:15 Fletching
45:43 Conscription
47:18 Plate Barding Armor
47:43 Blast Furnace
46:47 Scale Mail Armor
47:47 Gothikon
48:31 Squires
49:48 Elite Varangian Guard
50:15 Gambesons
51:33 Chain Mail Armor
52:01 Hand Cart
51:32 Town Watch
Connection lost

Rejoining the realm…

Still unreachable

The connection could not be restored.

Session expired

The server has moved on; the page needs a fresh start.